 Dungeon Crawl Stone Soup version 0.14-a0-1707-g75daffb (webtiles) character file.

504 HollowCharge the Slasher (level 6, -6/48 HPs)
             Began as a Djinni Gladiator on Dec 31, 2013.
             Was an Initiate of Okawaru.
             Mangled by HollowCharge's ghost (7 damage)
             ... on Level 3 of the Dungeon.
             The game lasted 00:27:15 (3873 turns).

HollowCharge the Slasher (Djinni Gladiator)         Turns: 3873, Time: 00:27:16

HP  -6/48        AC  7     Str 17      XL: 6   Next: 11%
MP   0/0         EV 10     Int  9      God: Okawaru [......]
Gold 211         SH  0     Dex 13      Spells:  0 memorised,  5 levels left

rFire  + + +     SeeInvis +     a - +1,+0 falchion
rCold  . . .     Clarity  .     l - +2 ring mail
rNeg   + + +     Conserve .     (no shield)
rPois  .         rCorr    .     c - +0 helmet
rElec  .         rRot     .     (no cloak)
SustAb . .       Spirit   .     j - +0 pair of gloves
rMut   .         Warding  .     (boots unavailable)
Saprov . . .     Stasis   .     (no amulet)
                                q - ring of protection from cold
                                m - ring of see invisible

@: flying, slightly resistant to hostile enchantments, very unstealthy
A: fire immunity, cold vulnerability, see invisible, deformed body, life
protection 3
a: Renounce Religion


You were on level 3 of the Dungeon.
You worshipped Okawaru.
Okawaru was noncommittal.
You were not hungry.

You visited 2 branches of the dungeon, and saw 5 of its levels.

You collected 211 gold pieces.

Inventory:

Hand weapons
 a - a +1,+0 falchion (weapon)
Armour
 c - a +0 helmet (worn)
 j - a +0 pair of gloves (worn)
 l - a +2 ring mail (worn)
Scrolls
 b - a scroll of remove curse
 h - a scroll of enchant weapon I
 k - 2 scrolls of recharging
 r - a scroll of enchant weapon II
Jewellery
 m - a ring of see invisible (left hand)
 q - a ring of protection from cold (right hand)
Potions
 f - 4 potions of curing
 o - a potion of invisibility
 p - 2 potions of restore abilities


   Skills:
 * Level 3.3 Fighting
 * Level 4.7 Long Blades
 - Level 1.7 Throwing
 + Level 2.3 Armour
 + Level 3.7 Dodging


You had 5 spell levels left.
You didn't know any spells.

Dungeon Overview and Level Annotations

Branches:
Dungeon (4/16)             Temple (1/1) D:4

Altars:
Cheibriados
Makhleb
Okawaru
Trog
Vehumet
Xom
Zin
Lugonu

Annotations:
D:3 HollowCharge's ghost, average DjGl


Innate Abilities, Weirdness & Mutations

You are immune to all types of fire, even holy and hellish.
You are vulnerable to cold.
You need no food.
You have no legs.
You are immune to negative energy.
You have supernaturally acute eyesight.
Armour fits poorly on your strangely shaped body.


Message History

HollowCharge's ghost hits you!
* * * LOW HITPOINT WARNING * * *
You hit HollowCharge's ghost.
HollowCharge's ghost is severely damaged.
HollowCharge's ghost closely misses you.
You closely miss HollowCharge's ghost.
HollowCharge's ghost is severely damaged.
HollowCharge's ghost barely misses you.
You hit HollowCharge's ghost but do no damage.
HollowCharge's ghost is severely damaged.
HollowCharge's ghost hits you!
* * * LOW HITPOINT WARNING * * *
You hit HollowCharge's ghost.
HollowCharge's ghost is almost destroyed.
HollowCharge's ghost hits you.
* * * LOW HITPOINT WARNING * * *
You closely miss HollowCharge's ghost.
HollowCharge's ghost is almost destroyed.
HollowCharge's ghost hits you!
You die...

.#.......#.........####'###
.#.......#...##...........#
..#+##...######...........#
.(........# #...........##
..........# #............#
..........# #............#
..........# #............#
..........#########........#
##.........(...p@..........#
#....######........###'#####
#......####........#.......#
#..................#.......#
##..................#.......#
...##...............#.......#
.......#...........%#.......#
.......#.......#...####'#####
...............#.....##.#


You could see HollowCharge's ghost.

Vanquished Creatures
  A worker ant (D:4)
  A hound (D:4)
  2 iguanas (D:4)
  Terence (D:3)
  4 gnolls (D:4)
  5 adders
  A worm (D:2)
  An adder zombie (D:2)
  A giant eyeball (D:4)
  3 giant geckos
  2 orcs
  5 giant cockroaches
  7 hobgoblins
  6 jackals
  3 quokkas
  13 bats
  A giant gecko skeleton (D:2)
  3 giant newts
  11 goblins
  A goblin skeleton (D:2)
  6 kobolds
  A kobold skeleton (D:2)
  A kobold zombie (D:2)
  5 rats
  A rat skeleton (D:2)
  A rat zombie (D:2)
87 creatures vanquished.

Notes
Turn   | Place    | Note
--------------------------------------------------------------
     0 | D:1      | HollowCharge, the Djinni Gladiator, began the quest for the Orb.
     0 | D:1      | Reached XP level 1. HP: 15/15 MP: 0/0
   181 | D:1      | Reached XP level 2. EP: 21/21
   630 | D:1      | Reached XP level 3. EP: 25/27
  1024 | D:2      | Reached XP level 4. EP: 34/34
  1059 | D:2      | Reached skill level 4 in Long Blades
  1067 | D:2      | Found a burning altar of Makhleb.
  1067 | D:2      | Noticed a cacodemon
  1223 | D:3      | Reached skill level 1 in Armour
  1264 | D:3      | Noticed Terence
  1831 | D:3      | Noticed HollowCharge's ghost (average DjGl)
  2390 | D:4      | Reached XP level 5. EP: 22/40
  2592 | D:4      | Found a staircase to the Ecumenical Temple.
  2621 | Temple   | Entered the Ecumenical Temple
  2685 | Temple   | Became a worshipper of Warmaster Okawaru
  2972 | D:4      | Paralysed by a giant eyeball for 2 turns
  2975 | D:4      | Paralysed by a giant eyeball for 4 turns
  2982 | D:4      | Paralysed by a giant eyeball for 4 turns
  2989 | D:4      | Paralysed by a giant eyeball for 3 turns
  3180 | D:4      | Noticed HollowCharge's ghost (average DjGl)
  3341 | D:4      | Reached XP level 6. EP: 17/48
  3649 | D:3      | Killed Terence
  3809 | D:3      | Gained mutation: Armour fits poorly on your strangely shaped body. [potion of mutation]
  3809 | D:3      | Gained mutation: You have supernaturally acute eyesight. [potion of mutation]
  3872 | D:3      | HP: 1/48 [HollowCharge's ghost (3)]
  3873 | D:3      | Mangled by HollowCharge's ghost

Action                   |  1- 3 |  4- 6 || total
-------------------------+-------+-------++-------
Melee: Falchion          |   138 |   321 ||   459
Throw: Throwing net      |     7 |    11 ||    18
  Use: Scroll            |       |    17 ||    17
       Potion            |       |     3 ||     3
 Stab: Held in net/web   |     3 |     4 ||     7
